 Dungeon Crawl Stone Soup version 0.21.1-1-g345015fe64 (webtiles) character file.

51947 Starbugs the Fighter (level 14, 0/181 HPs)
             Began as a Demonspawn Fighter on June 30, 2018.
             Was a High Priest of Okawaru.
             Killed by divine providence
             ... invoked by an orc high priest
              (9 damage)
             ... on level 1 of the Orcish Mines on July 1, 2018.
             The game lasted 01:49:00 (30441 turns).

Starbugs the Fighter (Demonspawn Fighter)          Turns: 30441, Time: 01:49:01

Health: 0/181      AC: 32    Str: 19    XL:     14   Next: 25%
Magic:  17/17      EV:  2    Int: 14    God:    Okawaru [*****.]
Gold:   987        SH: 12    Dex: 20    Spells: 13/13 levels left

rFire    . . .     SeeInvis .   b - +9 sword of Zonguldrok {reap}
rCold    . . .     Gourm    .   c - +0 shield
rNeg     + + +     Faith    .   (armour currently unavailable)
rPois    +         Spirit   .   (helmet currently unavailable)
rElec    .         Reflect  .   (cloak currently unavailable)
rCorr    +         Harm     .   (gloves currently unavailable)
MR       +....     NoTele   +   (boots currently unavailable)
Stlth    +++++.....             (no amulet)
HPRegen  0.40/turn              H - ring of resist corrosion
MPRegen  0.15/turn              j - +5 ring of protection

@: agile, tree-form
A: clever 1, demonic guardian 1, powered by pain 2, screaming 1, strong 1,
MP-powered wands
a: Heroism, Finesse, Renounce Religion


You were on level 1 of the Orcish Mines.
You worshipped Okawaru.
Okawaru was extremely pleased with you.
You were not hungry.
You were a tree.
You visited 4 branches of the dungeon, and saw 22 of its levels.

You collected 3998 gold pieces.
You spent 3011 gold pieces at shops.

Inventory:

Hand Weapons
 a - the +9 great sword of Starshine {flame, rElec rPois Str+4 Int+3}
   (Okawaru gifted it to you on level 13 of the Dungeon)

   It has been specially enchanted to burn those struck by it, causing extra
   injury to most foes and up to half again as much damage against particularly
   susceptible opponents.
   Big, fiery blades are also staple armaments of hydra-hunters.
   It affects your strength (+4).
   It affects your intelligence (+3).
   It insulates you from electricity.
   It protects you from poison.
 b - the +9 sword of Zonguldrok (weapon) {reap}
   (You bought it in a shop on level 1 of the Orcish Mines)

   If a monster killed with it leaves a corpse in good enough shape, the corpse
   will be animated as a zombie friendly to the killer.
 k - a +3 long sword of electrocution
Armour
 c - a +0 shield (worn)
 g - a +0 pair of boots (melded)
 i - a +0 cloak (melded)
 w - a +2 plate armour of magic resistance
 B - the +4 pair of gloves of Courage (melded) {*Corrode rPois rN++ Dex+4}
   (Okawaru gifted it to you on level 2 of the Orcish Mines)

   It affects your dexterity (+4).
   It protects you from poison.
   It greatly protects you from negative energy.
   It may corrode you when you take damage.
 M - a +3 plate armour of positive energy
 O - the +3 leather armour of a wizard's laboratory (melded) {*Contam rElec Int-4 Slay+5}
   (You found it on level 2 of the Lair of Beasts)

   It affects your intelligence (-4).
   It affects your accuracy and damage with ranged weapons and melee attacks
   (+5).
   It insulates you from electricity.
   It causes magical contamination when unequipped.
 S - a +2 hat of intelligence (melded)
Jewellery
 e - a +2 ring of slaying
 j - a +5 ring of protection (right branch)
 H - a ring of resist corrosion (left branch)
 K - a +2 ring of evasion
 N - an uncursed ring of poison resistance
 W - an uncursed ring of magical power
Wands
 l - a wand of polymorph (33)
 n - a wand of acid (24)
 q - a wand of scattershot (7)
 r - a wand of disintegration (22)
 v - a wand of flame (62)
 D - a wand of enslavement (20)
 V - a wand of clouds (5)
 X - a wand of digging (14)
Scrolls
 d - 2 scrolls of enchant weapon
 h - 5 scrolls of teleportation
 m - 4 scrolls of magic mapping
 s - 5 scrolls of remove curse
 t - 4 scrolls of fear
 x - 6 scrolls of amnesia
 y - 2 scrolls of enchant armour
 G - 2 scrolls of fog
Potions
 o - 4 potions of lignification
 p - 3 potions of cancellation
 u - 2 potions of agility
 z - a potion of curing
 E - a potion of ambrosia
 F - a potion of berserk rage
 I - 5 potions of flight
Books
 A - a book of Changes

   Spells                             Type                      Level
   a - Beastly Appendage              Transmutation                1
   b - Sticks to Snakes               Transmutation                2
   c - Spider Form                    Transmutation/Poison         3
   d - Ice Form                       Ice/Transmutation            4
   e - Blade Hands                    Transmutation                5
 L - a book of Enchantments

   Spells                             Type                      Level
   a - Cause Fear                     Hexes                        4
   b - Yara's Violent Unravelling     Hexes/Transmutation          5
   c - Silence                        Hexes/Air                    5
   d - Deflect Missiles               Charms/Air                   6
   e - Discord                        Hexes                        8
 P - a book of Power

   Spells                             Type                      Level
   a - Iskenderun's Battlesphere      Conjuration/Charms           5
   b - Venom Bolt                     Conjuration/Poison           5
   c - Bolt of Magma                  Conjuration/Fire/Earth       5
   d - Iron Shot                      Conjuration/Earth            6
   e - Orb of Destruction             Conjuration                  7
   f - Spellforged Servitor           Conjuration/Summoning        7
 R - a book of Misfortune

   Spells                             Type                      Level
   a - Confusing Touch                Hexes                        1
   b - Confuse                        Hexes                        3
   c - Gell's Gravitas                Translocation                3
   d - Petrify                        Transmutation/Earth          4
   e - Metabolic Englaciation         Hexes/Ice                    5
   f - Yara's Violent Unravelling     Hexes/Transmutation          5
Miscellaneous
 C - a lightning rod (4/4)
 J - a lightning rod (4/4)
Comestibles
 f - 27 rations


   Skills:
 * Level 14.4 Fighting
 + Level 10.5 Long Blades
 + Level 10.3 Armour
 + Level 6.9 Dodging
 + Level 6.4 Stealth
 - Level 8.1 Shields
 - Level 5.0 Invocations
 - Level 2.3 Evocations


You had 13 spell levels left.
You didn't know any spells.

Dungeon Overview and Level Annotations

Branches:
Dungeon (13/15)            Temple (1/1) D:5            Lair (6/6) D:10
 Shoals (0/4) Lair:4       Spider (0/4) Lair:4        Slime (0/5) Lair:5
    Orc (2/2) D:11            Elf (0/3) Orc:2
 Vaults: D:13-14

Altars:
Ashenzari
Cheibriados
Dithmenos
Elyvilon
Fedhas
Gozag
Hepliaklqana
Kikubaaqudgha
Makhleb
Nemelex Xobeh
Okawaru
Qazlal
Ru
Sif Muna
Trog
Uskayaw
Vehumet
Wu Jian
Xom
Yredelemnul
Zin
The Shining One
Beogh

Shops:
D:7 *   Orc:1 *!%(   Orc:2 ([*=

Annotations:
Lair:5 exclusion: 6 oklob plants


Innate Abilities, Weirdness & Mutations

((You have very sharp fingernails.))
A weak demonic guardian rushes to your aid.
You sometimes gain power by taking damage.
((When seriously injured, your bleeding wounds create very thick armour. (AC +0)))
Your mind is acute. (Int +2)
You occasionally shout uncontrollably at your foes.
Your muscles are strong. (Str +2)
((You are occasionally teleported next to monsters.))
You expend magic power (3 MP) to strengthen your wands.


Message History

The red devil hits you but does no damage.
You slash the ettin!
The ettin is almost dead.
Your hearing returns.
The orc priest invokes the aid of Beogh against you.
Beogh smites you!
* * * LOW HITPOINT WARNING * * *
The orc high priest hits you but does no damage.
The orc priest calls down the wrath of Beogh upon you.
Beogh smites you!
* * * LOW HITPOINT WARNING * * *
The ettin hits you but does no damage. You block the ettin's attack.
The orc priest hits you but does no damage.
You block the red devil's attack.
The two-headed ogre hits you but does no damage. x2
You hit the ettin.
The ettin is almost dead.
The orc high priest invokes the aid of Beogh against you.
Beogh smites you!
You die...

##..### #.##.## #...##
###### ##..#.##
#......# .....###
#...#### #######
....###.. .....##
....##...#####4oo#
....##....#.#..O♣#
....# #.$:..$o#C####
### ....#
##.8$8!##o##.###.##
...©#
#..._[[)#o##©.....####
#...#
##$8$8!##4##.....###.##
##.##
#.......#.####....#...#
#..)##....#.#....#
###.....###
##.###...#####...#
##..#^...### ### ##..
..## #...##...##.


You could see an ettin, an orc high priest, a two-headed ogre, an ice devil, an
orc sorcerer, a red devil and 3 orc priests.

Vanquished Creatures
  An orc warlord (Orc:2)
  The ghost of Jannitor the Thrower, a journeyman DsAs of Trog (Lair:6)
  Nessos (D:13)
  An ettin (Orc:1)
  Fannar (Lair:1)
  A catoblepas (Lair:3)
  2 death yaks (Lair:6)
  A two-headed ogre (Orc:1)
  5 orc high priests (Orc:2)
  An unseen horror (D:13)
  5 orc knights
  3 ugly things
  A manticore (D:12)
  A cyclops (D:12)
  9 orc sorcerers
  7 black mambas
  3 elephants (Lair:6)
  3 spiny frogs
  4 rime drakes
  A komodo dragon (Lair:1)
  5 trolls
  A polar bear (Lair:4)
  A slime creature (Lair:3)
  2 hornets
  8 blink frogs
  6 hippogriffs
  Sigmund (D:6)
  A shadow (D:12)
  A spriggan (D:12)
  2 wyverns
  Eustachio (D:4)
  25 yaks
  2 wraiths (D:13)
  2 basilisks
  2 hungry ghosts
  7 wargs
  10 water moccasins
  10 porcupines
  36 orc warriors
  A sky beast (D:10)
  4 black bears
  3 ice beasts
  7 ogres
  2 necrophages
  2 phantoms
  17 centaurs
  4 crocodiles
  9 wolves
  3 big kobolds
  19 bullfrogs
  3 gnoll sergeants
  A wyvern skeleton (D:11)
  6 scorpions
  A howler monkey (D:13)
  An electric eel (Lair:2)
  2 crimson imps
  A centaur skeleton (D:8)
  19 orc priests
  3 bullfrog skeletons
  3 hounds
  6 jellies
  Crazy Yiuf (D:4)
  Jessica (D:4)
  2 hell rats (Lair:4)
  5 iguanas
  29 orc wizards
  8 worker ants
  A killer bee zombie (D:8)
  3 hound skeletons
  A worker ant zombie (D:7)
  17 gnolls
  10 river rats (Lair:4)
  13 adders
  6 shadow imps
  15 oozes
  An adder skeleton (D:7)
  7 worms
  A dart slug (D:3)
  4 leopard geckos
  86 orcs
  3 ball pythons (D:3)
  2 bats
  7 giant cockroaches
  2 goblins (D:1)
  6 hobgoblins
  6 jackals
  9 quokkas
  4 frilled lizards
  15 kobolds
  6 rats
  A fungus (D:10)
564 creatures vanquished.

Vanquished Creatures (collateral kills)
  Gastronok (D:11)
  2 two-headed ogres
  A cyclops (D:11)
  A spiny frog (Lair:6)
  2 komodo dragons
  A wyvern (D:8)
  3 yaks
  Menkaure (D:4)
  An orc warrior (Orc:2)
  The ghost of zorgos the Shield-Bearer, an amateur DDFi (D:3)
  A wolf (Lair:2)
  An ogre (D:6)
  2 centaurs
  A gnoll sergeant (D:7)
  A big kobold (D:5)
  A wyvern skeleton (D:6)
  3 scorpions
  A hound (D:10)
  2 orc wizards
  2 bullfrog skeletons
  2 orc priests
  A worker ant (Lair:4)
  2 gnolls (D:7)
  2 shadow imps
  An adder skeleton (D:5)
  A worm (D:3)
  8 orcs
  A giant cockroach (Lair:4)
  11 kobolds
  A fungus (D:10)
59 creatures vanquished.

Vanquished Creatures (others)
  An orc wizard (Orc:1)
  An orc (Orc:1)
  A kobold (D:12)
  9 fungi
  3 plants
15 creatures vanquished.

Grand Total: 638 creatures vanquished

Notes
Turn   | Place    | Note
-------+----------+-------------------------------------------
     0 | D:1      | Starbugs the Demonspawn Fighter began the quest for the Orb.
     0 | D:1      | Reached XP level 1. HP: 18/18 MP: 1/1
   378 | D:1      | Gained mutation: When seriously injured, your bleeding wounds create armour. (AC +0) [demonic ancestry]
   378 | D:1      | Reached XP level 2. HP: 22/24 MP: 2/2
   844 | D:2      | Reached skill level 4 in Fighting
   844 | D:2      | Gained mutation: You sometimes gain a little power by taking damage. [demonic ancestry]
   844 | D:2      | Reached XP level 3. HP: 23/30 MP: 3/3
  1574 | D:2      | Gained mutation: A weak demonic guardian rushes to your aid. [demonic ancestry]
  1574 | D:2      | Reached XP level 4. HP: 32/38 MP: 4/4
  1838 | D:2      | Reached skill level 5 in Fighting
  1877 | D:2      | Noticed a bullfrog
  1894 | D:2      | Killed a bullfrog
  2175 | D:3      | Noticed zorgos's ghost (amateur DDFi)
  2190 | D:3      | Killed zorgos's ghost
  2190 | D:3      | Reached skill level 6 in Fighting
  2190 | D:3      | Gained mutation: You have sharp fingernails. [demonic ancestry]
  2190 | D:3      | Reached XP level 5. HP: 31/46 MP: 5/5
  2528 | D:3      | Found a sacrificial altar of Ru.
  3036 | D:4      | Reached XP level 6. HP: 53/53 MP: 6/6
  3132 | D:4      | Noticed Menkaure
  3138 | D:4      | Killed Menkaure
  3138 | D:4      | Reached skill level 7 in Fighting
  3160 | D:4      | Found a glowing golden altar of the Shining One.
  3372 | D:4      | Found a runed door.
  3376 | D:4      | Noticed Crazy Yiuf
  3381 | D:4      | Killed Crazy Yiuf
  3399 | D:4      | Noticed Eustachio
  3430 | D:4      | Killed Eustachio
  3430 | D:4      | Gained mutation: You have very sharp fingernails. [demonic ancestry]
  3430 | D:4      | Reached XP level 7. HP: 25/60 MP: 7/7
  3611 | D:4      | Noticed Jessica
  3618 | D:4      | Killed Jessica
  3618 | D:4      | Reached skill level 1 in Dodging
  3644 | D:4      | Found a deep blue altar of Sif Muna.
  3910 | D:5      | Entered Level 5 of the Dungeon
  3917 | D:5      | Found a hide-covered altar of Uskayaw.
  3924 | D:5      | Found a sacrificial altar of Ru.
  3925 | D:5      | Found a blossoming altar of Fedhas.
  3925 | D:5      | Found an iron altar of Okawaru.
  3925 | D:5      | Found a staircase to the Ecumenical Temple.
  3933 | D:5      | Became a worshipper of Warmaster Okawaru
  4204 | D:5      | Found a basalt altar of Yredelemnul.
  4506 | Temple   | Entered the Ecumenical Temple
  5156 | D:6      | Reached skill level 8 in Fighting
  5447 | D:6      | Gained mutation: When seriously injured, your bleeding wounds create thick armour. (AC +0) [demonic ancestry]
  5447 | D:6      | Reached XP level 8. HP: 51/68 MP: 8/8
  5617 | D:6      | Reached skill level 1 in Invocations
  5849 | D:6      | Found a burning altar of Makhleb.
  6008 | D:6      | Found a blossoming altar of Fedhas.
  6038 | D:6      | Reached * piety under Okawaru
  6067 | D:6      | Noticed Sigmund
  6082 | D:6      | Killed Sigmund
  6274 | D:6      | Found a shadowy altar of Dithmenos.
  6684 | D:7      | Reached skill level 5 in Long Blades
  7162 | D:7      | Found Deiwy's General Store.
  7165 | D:7      | Bought a scroll of enchant weapon for 97 gold pieces
  7165 | D:7      | Bought a potion of curing for 39 gold pieces
  7454 | D:7      | Reached ** piety under Okawaru
  7668 | D:8      | Reached XP level 9. HP: 52/75 MP: 11/11
  7715 | D:8      | Reached skill level 1 in Evocations
  7743 | D:8      | Reached skill level 5 in Armour
  7863 | D:8      | Reached skill level 9 in Fighting
  8981 | D:8      | Gained mutation: You occasionally shout uncontrollably at your foes. [potion of mutation]
  8981 | D:8      | Gained mutation: Your mind is acute. (Int +2) [potion of mutation]
  8981 | D:8      | Gained mutation: You are occasionally teleported next to monsters. [potion of mutation]
  8981 | D:8      | Gained mutation: Your muscles are strong. (Str +2) [potion of mutation]
  9270 | D:9      | Reached *** piety under Okawaru
  9341 | D:9      | Noticed a troll
  9361 | D:9      | Killed a troll
  9459 | D:9      | Reached skill level 1 in Stealth
  9623 | D:9      | Noticed a two-headed ogre
  9643 | D:9      | Killed a two-headed ogre
  9643 | D:9      | Reached **** piety under Okawaru
  9643 | D:9      | Reached XP level 10. HP: 39/85 MP: 9/12
 10296 | D:10     | Entered Level 10 of the Dungeon
 10353 | D:10     | Reached skill level 10 in Fighting
 10536 | D:10     | Found a staircase to the Lair.
 10597 | D:10     | Reached ***** piety under Okawaru
 10603 | D:10     | HP: 2/85 [yak (8)]
 10870 | D:10     | Reached skill level 5 in Shields
 12032 | D:11     | Found a staircase to the Orcish Mines.
 12043 | D:11     | Noticed a cyclops
 12048 | D:11     | Killed a cyclops
 12265 | D:11     | Noticed a two-headed ogre
 12273 | D:11     | Killed a two-headed ogre
 12940 | D:11     | Gained mutation: You sometimes gain power by taking damage. [demonic ancestry]
 12940 | D:11     | Reached XP level 11. HP: 63/92 MP: 13/13
 13508 | Orc:1    | Entered Level 1 of the Orcish Mines
 13508 | Orc:1    | Found Losuf's Food Emporium.
 13631 | D:12     | Noticed a white ugly thing
 13665 | D:12     | Killed a green ugly thing
 13665 | D:12     | Reached ****** piety under Okawaru
 13997 | D:12     | Reached skill level 11 in Fighting
 14521 | D:12     | Received a gift from Okawaru
 15205 | Lair:1   | Entered Level 1 of the Lair of Beasts
 15210 | Lair:1   | Noticed Fannar
 15729 | Lair:1   | Killed Fannar
 16956 | Lair:2   | HP: 3/95 [wolf (6)]
 17612 | Lair:2   | Gained mutation: When seriously injured, your bleeding wounds create very thick armour. (AC +0) [demonic ancestry]
 17612 | Lair:2   | Reached XP level 12. HP: 89/102 MP: 7/14
 17677 | Lair:2   | Found a bloodstained altar of Trog.
 18022 | Lair:2   | Got a fine leather armour
 18023 | Lair:2   | Identified the +3 leather armour of a wizard's laboratory {*Contam rElec Int-4 Slay+5} (You found it on level 2 of the Lair of Beasts)
 18351 | Lair:3   | Received a gift from Okawaru
 18351 | Lair:3   | Reached skill level 12 in Fighting
 18763 | Orc:1    | Noticed Gastronok
 18783 | D:11     | Paralysed by an orc sorcerer for 3 turns
 19106 | D:11     | Killed Gastronok
 20217 | Orc:1    | Found Lepu's Assorted Antiques.
 20541 | Orc:1    | Reached skill level 5 in Invocations
 20741 | Orc:1    | Paralysed by an orc sorcerer for 7 turns
 20823 | Orc:1    | Found Suyrghasi's Antique Weapon Shop.
 21233 | Orc:1    | Found Qosmebi's Distillery.
 21239 | Orc:1    | Bought a potion of heal wounds for 75 gold pieces
 21664 | Orc:2    | Entered Level 2 of the Orcish Mines
 21669 | Orc:2    | Found a staircase to the Elven Halls.
 21819 | Orc:2    | Noticed an orc high priest
 22151 | Orc:2    | Killed an orc high priest
 22151 | Orc:2    | Received a gift from Okawaru
 22158 | Orc:2    | Paralysed by an orc sorcerer for 5 turns
 22167 | Orc:2    | Got a pair of shimmering gloves {god gift}
 22593 | Orc:1    | Identified the +4 pair of gloves of Courage {*Corrode rPois rN++ Dex+4} (Okawaru gifted it to you on level 2 of the Orcish Mines)
 22659 | Orc:1    | Reached skill level 5 in Dodging
 22760 | Orc:1    | Found a roughly hewn altar of Beogh.
 22760 | Orc:1    | Noticed a two-headed ogre
 22760 | Orc:1    | Noticed an ettin
 22760 | Orc:1    | Noticed an ettin
 22760 | Orc:1    | Noticed a two-headed ogre
 22761 | Orc:1    | Noticed an orc high priest
 23109 | Orc:2    | Noticed an orc warlord
 23309 | Orc:2    | Reached skill level 13 in Fighting
 23383 | Orc:2    | Reached XP level 13. HP: 99/111 MP: 16/16
 23512 | Orc:1    | Found a transporter.
 24940 | Orc:2    | Paralysed by an orc sorcerer for 4 turns
 24948 | Orc:2    | Gained mutation: You expend magic power (3 MP) to strengthen your wands. [a neqoxec]
 25109 | Orc:2    | Killed an orc warlord
 25310 | Orc:2    | Found Dotyihekk's Antique Armour Shop.
 25332 | Orc:2    | Found Dacod's Antique Weapon Shop.
 25335 | Orc:2    | Found Apryathrar's General Store.
 25335 | Orc:2    | Found Daamytw Nues's Jewellery Boutique.
 25794 | D:13     | Received a gift from Okawaru
 26141 | D:13     | Reached skill level 5 in Stealth
 26168 | D:13     | Got a brightly glowing great sword {god gift}
 26169 | D:13     | Identified the +9 great sword of Starshine {flame, rElec rPois Str+4 Int+3} (Okawaru gifted it to you on level 13 of the Dungeon)
 26216 | D:13     | Found a shimmering altar of Xom.
 26216 | D:13     | Noticed Nessos
 26235 | D:13     | Killed Nessos
 26235 | D:13     | Reached skill level 10 in Long Blades
 27127 | Lair:3   | Reached skill level 10 in Armour
 27828 | Lair:4   | Found a hole to the Spider Nest.
 27925 | Lair:4   | Found a staircase to the Shoals.
 28045 | Lair:4   | Reached skill level 14 in Fighting
 28048 | Lair:4   | Received a gift from Okawaru
 28093 | Lair:4   | You fall through a shaft for 2 floors!
 28093 | Lair:6   | Entered Level 6 of the Lair of Beasts
 28256 | Lair:6   | Reached XP level 14. HP: 120/120 MP: 17/17
 28262 | Lair:6   | Noticed Jannitor's ghost (journeyman DsAs)
 28268 | Lair:6   | Killed Jannitor's ghost
 29034 | Lair:5   | Found a staircase to the Slime Pits.
 29724 | Lair:5   | Identified a scroll of acquirement
 29907 | Orc:1    | Bought the +9 sword of Zonguldrok {reap} for 2800 gold pieces
 29907 | Orc:1    | Found the +9 sword of Zonguldrok {reap}
 30425 | Orc:1    | Received a gift from Okawaru
 30440 | Orc:1    | HP: 9/181 [orc priest/divine providence (14)]
 30441 | Orc:1    | Killed from afar by an orc high priest

Skill      XL: |  1  2  3  4  5  6  7  8  9 10 11 12 13 |
---------------+----------------------------------------+-----
Fighting       | 4 6 7 8 9 10 11 13 14 | 14.4
Long Blades    | 2 4 5 6 7 8 9 10 | 10.5
Armour         | 3 4 6 7 8 9 10 | 10.3
Dodging        | 1 3 5 6 |  6.9
Shields        | 3 4 5 6 7 8 |  8.1
Invocations    | 2 5 |  5.0
Evocations     | 2 |  2.3
Stealth        | 1 3 4 6 |  6.4

Action                   |  1- 3 |  4- 6 |  7- 9 | 10-12 | 13-15 || total
-------------------------+-------+-------+-------+-------+-------++-------
Melee: Long sword        |    68 |   145 |   405 |  1262 |   258 ||  2138
       Scimitar          |       |       |       |    21 |       ||    21
       Great sword       |       |       |       |       |   199 ||   199
       Double sword      |       |       |       |       |    17 ||    17
Invok: Heroism           |       |       |     1 |    12 |     5 ||    18
       Finesse           |       |       |       |     7 |     3 ||    10
Evoke: Wand              |       |       |       |     1 |       ||     1
  Use: Potion            |     1 |     2 |     8 |    11 |     8 ||    30
       Scroll            |     6 |     4 |     8 |     7 |     8 ||    33
 Stab: Sleeping          |       |       |     2 |     3 |     9 ||    14
       Distracted        |       |       |     3 |    14 |     5 ||    22
       Invisible         |       |       |       |     1 |       ||     1
  Eat: Chunk             |     2 |     6 |    10 |    30 |    12 ||    60
       Ration            |       |       |     3 |     6 |     3 ||    12
Armor: Scale mail        |    23 |   138 |    31 |       |       ||   192
       Skin              |       |       |    59 |       |    19 ||    78
       Plate armour      |       |       |    59 |   479 |       ||   538
       Leather armour    |       |       |       |   114 |   167 ||   281
Dodge: Dodged            |    25 |    62 |   131 |   445 |   334 ||   997
Block: Shield            |    38 |    83 |   198 |   679 |   126 ||  1124
       Rpst.: Long sword |     9 |    17 |    41 |   140 |    31 ||   238
       Scimitar          |       |       |       |     1 |       ||     1
       Great sword       |       |       |       |       |    44 ||    44
       Double sword      |       |       |       |       |     1 ||     1
